 Dungeon Crawl Stone Soup version 0.19.1 (webtiles) character file.

147 esteth the Skirmisher (level 5, 0/43 HPs)
             Began as a Formicid Abyssal Knight on Dec 15, 2016.
             Was a Believer of Lugonu.
             Succumbed to an adder's poison
             ... on level 4 of the Dungeon.
             The game lasted 00:11:55 (3667 turns).

esteth the Skirmisher (Formicid Abyssal Knight)     Turns: 3667, Time: 00:11:55

Health: 0/43       AC:  5    Str: 17    XL:     5   Next: 54%
Magic:  6/6        EV: 11    Int: 12    God:    Lugonu [**....]
Gold:   130        SH:  0    Dex: 10    Spells: 0 memorised, 4 levels left

rFire  . . .     SeeInvis +     a - +1 hand axe
rCold  . . .     Gourm    .     g - +0 ring mail
rNeg   . . .     Faith    .     (no shield)
rPois  .         Spirit   .     (helmet unavailable)
rElec  .         Reflect  .     (no cloak)
rCorr  .         Harm     .     (no gloves)
MR     .....                    (no boots)
Stlth  +.........               (no amulet)
                                m - ring of stealth
                                k - +1 ring of evasion

@: lethally poisoned (0 -> -4), flying
A: permanent stasis, dig shafts and tunnels, four strong arms, antennae 3
a: Dig, Shaft Self, Depart the Abyss, Bend Space, Renounce Religion


You were on level 4 of the Dungeon.
You worshipped Lugonu.
Lugonu was pleased with you.
You were not hungry.

You visited 1 branch of the dungeon, and saw 4 of its levels.
You visited the Abyss 1 time.

You collected 130 gold pieces.

Inventory:

Hand Weapons
 a - a +1 hand axe (weapon)
 e - a +0 mace
Missiles
 v - 2 steel tomahawks (quivered)
Armour
 b - a +0 leather armour
 g - a +0 ring mail (worn)
Jewellery
 f - a +3 ring of intelligence {unknown}
 i - an uncursed ring of poison resistance {unknown}
 k - a +1 ring of evasion (left hand)
 m - a ring of stealth (right hand)
Scrolls
 c - 3 scrolls of teleportation
 n - a scroll of amnesia
 o - 3 scrolls of remove curse
 s - a scroll of enchant weapon {unknown}
 t - a scroll of fear {unknown}
 w - a scroll of enchant armour {unknown}
 x - a scroll of immolation {unknown}
Potions
 d - a potion of haste {unknown}
 l - a potion of cancellation {unknown}
 q - a potion of magic
 u - a potion of ambrosia {unknown}
Comestibles
 j - a bread ration


   Skills:
 + Level 4.5 Fighting
 * Level 4.0 Axes
 - Level 2.4 Armour
 - Level 1.1 Dodging
 - Level 2.5 Invocations


You had 4 spell levels left.
You didn't know any spells.

Dungeon Overview and Level Annotations

Branches:
Dungeon (3/15)

Altars:
Makhleb
Uskayaw


Innate Abilities, Weirdness & Mutations

You are under a permanent stasis effect.
You can dig through walls and to a lower floor.
Your four strong arms can wield two-handed weapons with a shield.
You have a pair of large antennae on your head. (SInv)


Message History

The adder is heavily wounded.
The adder bites you.
* * * LOW HITPOINT WARNING * * *
The adder misses you.
You miss the adder.
The adder is heavily wounded.
The adder barely misses you.
You hit the adder.
The adder is almost dead.
The adder bites you.
* * * LOW HITPOINT WARNING * * *
You are lethally poisoned!
The adder poisons you!
You closely miss the adder.
The adder is almost dead.
* * * LOW HITPOINT WARNING * * *
You feel sick. The adder barely misses you. The adder bites you.
* * * LOW HITPOINT WARNING * * *
It was a potion of magic.
Magic courses through your body.
You die...

# #.
...##.######.#.
.......@.......
......S...##...
#.###.###.# #.
.# . # ##


You could see an adder.

Vanquished Creatures
  Robin (D:2)
  5 adders
  2 worms
  6 leopard geckos
  An orc (D:3)
  7 giant cockroaches
  9 hobgoblins
  11 kobolds
  2 quokkas
  7 bats
  5 frilled lizards
  16 goblins
  A jackal skeleton (D:4)
  4 rats
77 creatures vanquished.

Vanquished Creatures (others)
  A hobgoblin (D:1)
1 creature vanquished.

Grand Total: 78 creatures vanquished

Notes
Turn   | Place    | Note
-------+----------+-------------------------------------------
     0 | Abyss:1  | esteth the Formicid Abyssal Knight began the quest for the Orb.
     0 | Abyss:1  | Reached XP level 1. HP: 18/18 MP: 2/2
   113 | Abyss:1  | Noticed a large abomination
   114 | Abyss:1  | Noticed an Executioner
   114 | D:1      | Escaped the Abyss
   218 | D:1      | Reached * piety under Lugonu
   248 | D:1      | Reached skill level 1 in Dodging
   259 | D:1      | Reached XP level 2. HP: 16/24 MP: 3/3
   927 | D:1      | Reached XP level 3. HP: 22/30 MP: 4/4
  1257 | D:2      | Noticed Robin
  1277 | D:2      | Killed Robin
  1277 | D:2      | Reached XP level 4. HP: 37/37 MP: 5/5
  1283 | D:2      | Reached ** piety under Lugonu
  1608 | D:2      | Found a faded altar of an unknown god.
  2113 | D:2      | Found a burning altar of Makhleb.
  2122 | D:2      | Found a hide-covered altar of Uskayaw.
  2353 | D:2      | Reached XP level 5. HP: 38/43 MP: 6/6
  3646 | D:3      | Noticed a sky beast
  3659 | D:3      | You fall through a shaft!
  3666 | D:4      | HP: 2/43 [poisoned by an adder]
  3667 | D:4      | Succumbed to an adder's poison

Skill      XL: |  1  2  3  4  5 |
---------------+----------------+-----
Dodging        | 1 |  1.1
Axes           | 3 4 |  4.0
Fighting       | 4 |  4.5
Armour         | |  2.4
Invocations    | |  2.5

Action                   |  1- 3 |  4- 6 || total
-------------------------+-------+-------++-------
Melee: Hand axe          |   114 |   159 ||   273
Invok: Depart the Abyss  |     1 |       ||     1
 Abil: Shaft Self        |       |     1 ||     1
  Use: Scroll            |     5 |     1 ||     6
       Potion            |       |     2 ||     2
 Stab: Sleeping          |       |     3 ||     3
  Eat: Bread ration      |     1 |     1 ||     2
       Pizza             |       |     1 ||     1
       Chunk             |       |     1 ||     1
Armor: Ring mail         |    47 |    45 ||    92
       Leather armour    |     2 |       ||     2
Dodge: Dodged            |    68 |    99 ||   167
